 Dungeon Crawl Stone Soup version 0.28-a0-724-g66f9036eb4 (webtiles) character file.

Game seed: 18146209708053264974

238 bande the Shield-Bearer (level 6, -18/38 HPs)
             Began as a Gargoyle Fighter on Oct 26, 2021.
             Demolished by an ogre (22 damage)
             ... on level 6 of the Dungeon.
             The game lasted 00:04:40 (3312 turns).

bande the Shield-Bearer (Gargoyle Fighter)          Turns: 3312, Time: 00:04:40

Health: -18/38     AC: 15    Str: 21    XL:     6   Next: 7%
Magic:  6/6        EV:  9    Int:  8    God:
Gold:   223        SH:  4    Dex: 10    Spells: 5/5 levels left

rFire   . . .      SeeInvis .   a - +0 war axe
rCold   + . .      Faith    .   c - +0 buckler
rNeg    + . .      Spirit   .   o - +2 scale mail {rC+}
rPois   ∞          Reflect  .   (no helmet)
rElec   +          Harm     .   f - +1 cloak
rCorr   .          Rampage  .   (no gloves)
Will    .....                   (no boots)
Stlth   ..........              (no amulet)
HPRegen 0.12/turn               (no ring)
MPRegen 0.10/turn               (no ring)

@: no status effects
A: sickness immunity, AC +4, negative energy resistance 1, electricity
resistance, torment resistance 1, petrification resistance
a: no special abilities


You were on level 6 of the Dungeon.
You visited 1 branch of the dungeon, and saw 5 of its levels.

You collected 223 gold pieces.

Inventory:

Hand Weapons
 a - a +0 war axe (weapon)
 g - a +1 mace of protection
Armour
 c - a +0 buckler (worn)
 f - a +1 cloak (worn)
 o - a +2 scale mail of cold resistance (worn)
Jewellery
 k - a ring of ice
Scrolls
 n - a scroll of teleportation
Potions
 d - 2 potions of might
 e - 3 potions of haste
 h - a potion of attraction {unknown}
 i - a potion of magic {unknown}
 j - 3 potions of curing
 l - a potion of heal wounds {unknown}
 m - a potion of mutation {unknown}


   Skills:
 + Level 4.1 Fighting
 + Level 3.8 Axes
 + Level 4.3 Armour
 - Level 0.1 Dodging
 + Level 4.4 Shields


You had 5 spell levels left.
You didn't know any spells.
Your spell library contained the following spells:

 Spells                   Type           Power      Damage    Failure   Level
 Static Discharge         Conj/Air       0%         N/A       86%         2
 Summon Guardian Golem    Hex/Summ       0%         N/A       98%         3
 Summon Lightning Spire   Summ/Air       0%         N/A       100%        4
 Lightning Bolt           Conj/Air       0%         1d11      100%        5
 Orb of Destruction       Conj           0%         N/A       100%        7
 Spellforged Servitor     Conj/Summ      0%         N/A       100%        7
 Storm Form               Tmut/Air       0%         N/A       100%        7
 Maxwell's Capacitive Co  Air            0%         ∞         100%        8


Dungeon Overview and Level Annotations

Branches:
Dungeon (4/15)
 Temple: D:4-7

Altars:
Ashenzari
Xom
Yredelemnul

Portals:
Abyss: D:6

Annotations:
D:6 1 transporter, dolemite99's ghost, novice GrMo


Innate Abilities, Weirdness & Mutations

You are immune to sickness and miasma.
Your stone body is resilient. (AC +4)
You are immune to poison.
You resist negative energy. (rN+)
You are resistant to electric shocks. (rElec)
You are resistant to unholy torment.
You are immune to petrification.


Message History

You barely miss the ogre. The ogre hits you but does no damage.
You hit the ogre.
The ogre is lightly wounded.
You block the ogre's attack.
You hit the ogre.
The ogre is lightly wounded.
The bullfrog closely misses you. The ogre barely misses you.
You hit the ogre.
The ogre is moderately wounded.
You miss the bullfrog. You block the bullfrog's attack.
The bullfrog hits you but does no damage.
The ogre hits you with a +0 giant spiked club.
You hit the ogre.
The ogre is heavily wounded.
You barely miss the bullfrog.
The bullfrog hits you but does no damage.
The bullfrog barely misses you.
The ogre hits you with a +0 giant spiked club!
You closely miss the ogre.
The ogre is heavily wounded.
You hit the bullfrog.
The bullfrog hits you but does no damage.
An iguana comes into view.
The bullfrog completely misses you. The ogre misses you.
You closely miss the ogre.
The ogre is heavily wounded.
You closely miss the bullfrog.
The iguana hisses angrily.
The bullfrog hits you! You block the bullfrog's attack.
The ogre hits you with a +0 giant spiked club!
* * * LOW HITPOINT WARNING * * *
You barely miss the ogre.
The ogre is heavily wounded.
You hit the bullfrog. The bullfrog hits you.
* * * LOW HITPOINT WARNING * * *
The bullfrog hits you.
* * * LOW HITPOINT WARNING * * *
The ogre hits you with a +0 giant spiked club!!
Ouch! That really hurt!
You die...

............#
....#......!
...........##
....#..l....#
........(...##
........>....#
#....F...#
###...O@..#
.....)..###
.##...?...#
#######.##
#..# ##.# #.##
#..##
##########
#...#


You could see an ogre, a bullfrog and an iguana.

Vanquished Creatures
  A scorpion (D:6)
  An iguana (D:4)
  Jessica (D:2)
  4 gnolls
  An adder (D:4)
  2 ufetubi (D:4)
  4 dart slugs
  An orc (D:3)
  4 ball pythons
  6 bats
  6 endoplasms
  2 giant cockroaches
  2 goblins
  7 hobgoblins
  10 kobolds
  2 quokkas
  4 frilled lizards
  4 rats
62 creatures vanquished.

Notes
Turn   | Place    | Note
-------+----------+-------------------------------------------
     0 | D:1      | bande the Gargoyle Fighter began the quest for the Orb.
     0 | D:1      | Reached XP level 1. HP: 14/14 MP: 1/1
   192 | D:1      | Reached XP level 2. HP: 10/19 MP: 2/2
   648 | D:1      | Reached XP level 3. HP: 19/23 MP: 3/3
  1194 | D:2      | Reached XP level 4. HP: 17/29 MP: 4/4
  1457 | D:2      | Noticed Jessica
  1468 | D:2      | Killed Jessica
  1561 | D:2      | Found a faded altar of an unknown god.
  2009 | D:3      | Found a shimmering altar of Xom.
  2053 | D:3      | Reached XP level 5. HP: 33/33 MP: 5/5
  2535 | D:4      | Found a basalt altar of Yredelemnul.
  2579 | D:4      | Found a broken altar of Ashenzari.
  2720 | D:4      | HP: 1/33 [iguana (6)]
  2729 | D:4      | HP: 1/33 [frozen (1)]
  3255 | D:4      | You fall into a shaft and drop 2 floors!
  3268 | D:6      | Noticed a large abomination
  3269 | D:6      | Found a transporter.
  3269 | D:6      | Found a one-way gate to the infinite horrors of the Abyss.
  3269 | D:6      | Noticed a kobold brigand
  3269 | D:6      | Noticed dolemite99's ghost (novice GrMo)
  3271 | D:6      | Noticed a rust devil
  3279 | D:6      | Reached XP level 6. HP: 38/38 MP: 6/6
  3312 | D:6      | Demolished by an ogre

Illustrated notes

Levels and vault maps discovered:
D:1:      dpeg_arrival_rooms_a, layout_loops_ring
D:2:      layout_basic, shapermc_ecumenical_altar_ellora, roderic_lattice_a,
          minmay_stone_trees_small, minmay_misc_feat_cross, uniq_jessica
D:3:      layout_rooms, nicolae_overflow_hidden_temple
D:4:      layout_basic, mainiacjoe_overflow_concentric_impassable,
          mainiacjoe_overflow_paths
D:6:      layout_rooms, nicolae_overflow_crystal_walls, portal_sewer_entry_d,
          gammafunk_ghost_abyssal_escape, st_stairs_8

Skill      XL: |  1  2  3  4  5 |
---------------+----------------+-----
Axes           | 2 3 |  3.8
Shields        | 4 |  4.4
Armour         | 4 |  4.3
Fighting       | 4 |  4.1
Dodging        | |  0.1

Action                   |  1- 3 |  4- 6 || total
-------------------------+-------+-------++-------
Melee: War axe           |    76 |   147 ||   223
  Use: Scroll            |     2 |     5 ||     7
Armor: Scale mail        |    40 |   110 ||   150
Dodge: Dodged            |    34 |    77 ||   111
Block: Buckler           |    20 |    46 ||    66

Table legend: (Time is in decaauts)
 A = Elapsed time spent in this place.
 B = Non-inter-level travel time spent in this place.
 C = Inter-level travel time spent in this place.
 D = Time resting spent in this place.
 E = Time spent auto-exploring this place.
 F = Levels seen in this place.
 G = Mean time per level.
                   A        B        C        D        E       F      G
               +--------+--------+--------+--------+--------+-----+--------+
         Total |   3391 |   3391 |      0 |    694 |   1980 |   5 |  678.2 |
       Dungeon |   3391 |   3391 |      0 |    694 |   1980 |   5 |  678.2 |
               +--------+--------+--------+--------+--------+-----+--------+

Top non-repeatable levels by time:
     D:1: 1027 daAuts
     D:2: 1008 daAuts
     D:4: 837 daAuts
     D:3: 456 daAuts
     D:6: 61 daAuts
